 Dungeon Crawl Stone Soup version 0.30.0-29-ga12c61a403 (webtiles) character file.

Game seed: 8632700386432574696

6152 Jakamomo the Protected (level 10, 0/90 HPs)
             Began as a Minotaur Berserker on June 26, 2023.
             Was a High Priest of Trog.
             Slain by an orc warlord
             ... wielding a +4 battleaxe
              (12 damage)
             ... in a bailey.
             The game lasted 01:00:09 (7875 turns).

Jakamomo the Protected (Minotaur Berserker)         Turns: 7875, Time: 01:00:10

Health: 0/90       AC: 15    Str: 32    XL:     10   Next: 59%
Magic:  9/9        EV: 10    Int:  4    God:    Trog [*****.]
Gold:   260        SH:  7    Dex: 10    Spells: 9/9 levels left

rFire   . . .        c - +4 flail (venom)
rCold   . . .        b - +0 kite shield
rNeg    . . .        I - +0 chain mail
rPois   .            (helmet restricted)
rElec   .            (no cloak)
rCorr   .            (no gloves)
SInv    .            (no boots)
Will    .....        J - amulet of faith Stlth
                     g - +6 ring of strength
HPRegen 0.35/turn    t - +4 ring of protection
MPRegen 0.11/turn

%: faith
@: no status effects
A: horns 2, retaliatory headbutt
a: Renounce Religion, Berserk, Trog's Hand, Brothers in Arms


You were in a bailey.
You worshipped Trog.
Trog was extremely pleased with you.
You visited 1 branch of the dungeon, and saw 8 of its levels.
You also visited: Bailey.

You collected 416 gold pieces.
You spent 156 gold pieces at shops.

Inventory:

Hand Weapons
 a - a +1 hand axe of flaming
 c - a +4 flail of venom (weapon)
 f - a +0 long sword
 u - a +3 falchion
 F - a +3 scimitar of flaming
Missiles
 k - 16 poisoned darts
 w - 8 boomerangs (quivered)
 x - 2 throwing nets
Armour
 b - a +0 kite shield (worn)
 C - a +2 robe of fire resistance
 I - a +0 chain mail (worn)
Jewellery
 g - a +6 ring of strength (left hand)
 j - a ring of see invisible
 m - an amulet of regeneration
 t - a +4 ring of protection (right hand)
 J - an amulet of faith (around neck)
Wands
 B - a wand of roots (10)
 L - a wand of paralysis (7)
 M - a wand of acid (6)
Scrolls
 e - a scroll of brand weapon
 o - 2 scrolls of poison
 s - a scroll of identify
 v - 3 scrolls of immolation
 y - a scroll of silence
 H - 2 scrolls of enchant armour
 K - a scroll of fog
Potions
 d - 2 potions of mutation {unknown}
 h - 4 potions of might
 i - a potion of berserk rage {unknown}
 l - a potion of brilliance {unknown}
 n - a potion of resistance {unknown}
 p - 2 potions of magic {unknown}
 q - a potion of heal wounds {unknown}
 r - a potion of lignification {unknown}
 z - 2 potions of cancellation {unknown}
 A - a potion of flight {unknown}
 D - a potion of haste
 G - 4 potions of curing


   Skills:
 + Level 8.9 Fighting
 + Level 8.2(10.3) Axes
 + Level 9.9(11.1) Maces & Flails
 + Level 0.7 Throwing
 + Level 10.5 Armour
 + Level 5.6 Dodging
 + Level 2.2 Stealth
 + Level 1.4 Shields


You had 9 spell levels left.
You didn't know any spells.
Your spell library contained the following spells:

 Spells                   Type           Power      Damage    Failure   Level
 Ozocubu's Armour         Ice            0%         N/A       100%        3
 Volatile Blastmotes      Fire/Tloc      0%         2d10      100%        3
 Fulminant Prism          Conj/Hex       0%         3d5       100%        4
 Iskenderun's Mystic Bla  Conj/Tloc      0%         2d3       100%        4
 Lee's Rapid Deconstruct  Erth           0%         3d4*      100%        5
 Metabolic Englaciation   Hex/Ice        0%         N/A       100%        5
 Simulacrum               Ice/Necr       0%         N/A       100%        6


Dungeon Overview and Level Annotations

Branches:
Dungeon (8/15)             Temple (0/1) D:4          Bailey (1/1)
   Lair: D:8-11

Altars:
Ashenzari
Gozag
Kikubaaqudgha
Nemelex Xobeh
Zin
Lugonu

Shops:
D:2 (   D:4 :   D:5 !

Portals:
Abyss: D:5


Innate Abilities, Weirdness & Mutations

You have a pair of horns on your head.
You reflexively headbutt those who attack you in melee.


Message History

Your headbutt misses the hobgoblin. You block the hobgoblin's attack.
You bludgeon the hobgoblin!!
You kill the hobgoblin!
Trog accepts your kill.
You hit the orc warlord but do no damage.
The orc warlord is poisoned.
Your headbutt misses the orc warlord. You block the orc warlord's attack.
You hit the orc warlord.
The orc warlord looks even sicker.
You headbutt the orc warlord, but do no damage.
The orc warlord is lightly wounded.
You sock the orc warlord!
The orc warlord looks as sick as possible!
Your headbutt misses the orc warlord.
The orc warlord is lightly wounded.
The orc warlord hits you with a +4 battleaxe!
You sock the orc warlord!
The orc warlord looks as sick as possible!
The orc warlord is moderately wounded.
You block the orc warlord's attack.
You hit the orc warlord but do no damage.
The orc warlord looks as sick as possible!
You headbutt the orc warlord.
The orc warlord is moderately wounded.
You block the orc warlord's attack.
You hit the orc warlord.
The orc warlord looks as sick as possible!
You headbutt the orc warlord, but do no damage.
The orc warlord is moderately wounded.
The orc warlord hits you with a +4 battleaxe!!
You hit the orc warlord. Your headbutt misses the orc warlord.
The orc warlord is heavily wounded.
The orc warlord hits you with a +4 battleaxe!
You closely miss the orc warlord.
The orc warlord is heavily wounded.
The orc warlord hits you with a +4 battleaxe!!
* * * LOW HITPOINT WARNING * * *
You barely miss the orc warlord.
The orc warlord is heavily wounded.
The orc warlord hits you with a +4 battleaxe!
You die...

##.......## #.........#
##.........##
#######.....⌠.....#######
##.....##.........##.....##
#.......).........')......#
##......)##.......##)).....##
#.........#.......#..)......#
##.........##88@88##.........##
#.....⌠.....###o###.....⌠.....#
##.........###.g.###.........##
#.........#.......#.........#
##.......##.......##.......##
#.......#.........#..).)..#
##.)...##.........##..)).##
##)####...........####)##
##.....##.........##..)..##


You could see an orc warlord (extremely poisoned) and a goblin.

Vanquished Creatures
  A two-headed ogre (D:8)
  Erica (D:8)
  10 yaks
  A wyvern (D:7)
  Menkaure (D:4)
  Edmund (D:5)
  10 orc warriors (Bailey)
  A sky beast (D:7)
  2 black bears
  An ice beast (D:6)
  An ogre (D:5)
  4 centaurs
  4 phantoms
  Blork the orc (D:5)
  A scorpion (D:5)
  3 hounds
  2 orc priests (D:5)
  A gnoll bouda (D:7)
  2 sleepcaps
  5 iguanas
  Natasha (thrice) (D:4)
  7 orc wizards
  17 gnolls
  6 adders
  A shadow imp (D:7)
  2 white imps
  2 ufetubi
  A worm (D:4)
  A dart slug (D:1)
  48 orcs
  7 ball pythons
  2 endoplasms
  4 giant cockroaches
  15 goblins
  19 hobgoblins
  7 jackals
  2 quokkas
  5 bats
  2 frilled lizards
  6 kobolds
  3 rats
213 creatures vanquished.

Vanquished Creatures (others)
  An ice beast (D:6)
  A sleepcap (D:6)
  An orc wizard (D:7)
  An ufetubus (D:6)
  2 lurking horrors (D:5)
6 creatures vanquished.

Grand Total: 219 creatures vanquished

Notes
Turn   | Place    | Note
-------+----------+-------------------------------------------
     0 | D:1      | Jakamomo the Minotaur Berserker began the quest for the
                  | Orb.
     0 | D:1      | Reached XP level 1. HP: 19/19 MP: 0/0
   215 | D:1      | Reached XP level 2. HP: 27/27 MP: 1/1
   856 | D:2      | Found Ytouniuh's Weapon Shoppe.
   876 | D:2      | Reached XP level 3. HP: 33/33 MP: 2/2
  1390 | D:3      | Reached ** piety under Trog
  1445 | D:3      | Reached skill level 3 in Armour
  1462 | D:3      | Reached XP level 4. HP: 40/41 MP: 3/3
  1515 | D:3      | Found an opulent altar of Gozag.
  1997 | D:4      | Found Caawinad's Tremendous Tomes.
  2437 | D:4      | Reached skill level 5 in Axes
  2437 | D:4      | Reached XP level 5. HP: 47/47 MP: 4/4
  2521 | D:4      | Noticed Natasha
  2525 | D:4      | Killed Natasha
  2625 | D:4      | Noticed Menkaure
  2633 | D:4      | Killed Menkaure
  2634 | D:4      | Reached skill level 4 in Armour
  2634 | D:4      | Reached XP level 6. HP: 16/55 MP: 5/5
  2724 | D:4      | Found a staircase to the Ecumenical Temple.
  2737 | D:4      | Noticed Natasha
  2745 | D:4      | Killed Natasha
  2752 | D:4      | Reached skill level 5 in Fighting
  2921 | D:4      | Noticed Natasha
  2931 | D:4      | Killed Natasha
  3059 | D:5      | Entered Level 5 of the Dungeon
  3096 | D:5      | Found a one-way gate to the infinite horrors of the Abyss.
  3097 | D:5      | Found a corrupted altar of Lugonu.
  3104 | D:5      | Noticed Blork the orc
  3115 | D:5      | Killed Blork the orc
  3116 | D:5      | Reached skill level 1 in Stealth
  3210 | D:5      | Noticed Edmund
  3212 | D:5      | Reached skill level 5 in Armour
  3212 | D:5      | Reached XP level 7. HP: 52/61 MP: 6/6
  3223 | D:5      | Reached *** piety under Trog
  3240 | D:5      | Killed Edmund
  3241 | D:5      | Reached skill level 6 in Armour
  3487 | D:5      | Reached XP level 8. HP: 70/70 MP: 7/7
  3518 | D:5      | Found Paruck's Distillery.
  3521 | D:5      | Bought a potion of might for 48 gold pieces
  3521 | D:5      | Bought 2 potions of curing for 72 gold pieces
  3521 | D:5      | Bought a potion of curing for 36 gold pieces
  3779 | D:5      | Reached skill level 1 in Maces & Flails
  4144 | D:6      | Reached skill level 7 in Armour
  4782 | D:6      | Found a glowing silver altar of Zin.
  4783 | D:6      | Found an ancient bone altar of Kikubaaqudgha.
  4783 | D:6      | Found a sparkling altar of Nemelex Xobeh.
  4784 | D:6      | Found a broken altar of Ashenzari.
  4978 | D:7      | Reached skill level 8 in Armour
  4978 | D:7      | Reached XP level 9. HP: 23/78 MP: 8/8
  4981 | D:7      | Reached skill level 5 in Dodging
  4983 | D:7      | Reached skill level 5 in Maces & Flails
  5638 | D:7      | Reached **** piety under Trog
  6454 | D:8      | Reached skill level 9 in Armour
  6549 | D:8      | Noticed a two-headed ogre
  6556 | D:8      | Killed a two-headed ogre
  6806 | D:8      | Noticed Erica
  6820 | D:8      | Killed Erica
  6821 | D:8      | Reached XP level 10. HP: 6/90 MP: 9/9
  7075 | D:8      | Reached skill level 10 in Armour
  7159 | D:8      | Found a flagged portal.
  7170 | Bailey   | Entered a bailey
  7392 | Bailey   | Reached ***** piety under Trog
  7505 | Bailey   | Reached skill level 1 in Shields
  7849 | Bailey   | Noticed an orc warlord
  7875 | Bailey   | Slain by an orc warlord

Illustrated notes

Levels and vault maps discovered:
D:1:      sevenhm_arrival_forest_fort_small_4, layout_basic
D:2:      layout_loops_ring, serial_shops, nicolae_shop_bloodbath_and_beyond
D:3:      layout_rooms, mainiacjoe_overflow_brackets
D:4:      layout_basic, minmay_temple_entry_junction,
          nicolae_shop_i_like_big_books, kennysheep_generic_room_10,
          uniq_natasha, uniq_menkaure
D:5:      layout_rooms, serial_shops, nicolae_shop_behind_doors,
          amcnicky_altar_lugonu_corruption, uniq_blork_the_orc, uniq_edmund
D:6:      layout_loops_ring, minitemple, lemuel_flamethrower_2
D:7:      layout_gridville
D:8:      layout_cave_pools, enter_bailey_2, gammafunk_ghost_necromancy,
          fountainhead, kennysheep_generic_room_8, uniq_grum, uniq_erica
Bailey:   bailey_axe_minmay_hex_keep, bailey

Skill      XL: |  1  2  3  4  5  6  7  8  9 10 |
---------------+-------------------------------+-----
Axes           | 4 5 6 7 8 |  8.2
Fighting       | 4 5 6 8 |  8.9
Armour         | 3 4 5 6 8 9 10 | 10.5
Dodging        | 3 4 5 |  5.6
Stealth        | 1 2 |  2.2
Maces & Flails | 4 8 9 |  9.9
Shields        | 1 |  1.4
Throwing       | |  0.7

Action                     |  1- 3 |  4- 6 |  7- 9 | 10-12 || total
---------------------------+-------+-------+-------+-------++-------
  Melee: Hand axe          |    69 |    72 |    22 |       ||   163
         Headbutt          |     2 |    10 |    23 |    18 ||    53
         Flail             |       |       |   145 |   125 ||   270
         Punch             |       |       |     2 |       ||     2
  Throw: Boomerang         |       |       |     1 |     3 ||     4
 Invoke: Berserk           |     1 |     1 |     8 |     1 ||    11
         Trog's Hand       |       |       |     1 |       ||     1
    Use: Scroll            |     7 |     3 |     9 |     1 ||    20
         Potion            |       |       |     4 |     1 ||     5
 Armour: Animal skin       |     1 |       |       |       ||     1
         Scale mail        |    22 |    28 |    60 |       ||   110
         Chain mail        |       |       |    35 |    35 ||    70
  Dodge: Dodged            |    47 |    38 |   128 |    37 ||   250
  Block: Kite shield       |       |       |     4 |    46 ||    50
